AoeStats
← 玩印度的哥们硬不起来

Arena

509419898Analyzed
4v4 RM · 5d ago on Sep 26, 2026· 40m 56s· 8 players
Game mode
Random Map
Map size
Large (8 player)
Population
200
Speed
Normal
Resources
Standard
Victory
Conquest
Starting age
Dark Age
Ending age
Imperial Age
RankedLock teamsTeams togetherTeam positionsShared explorationLock speedFull tech treeHidden civsTurbo modeCheats
Victory
Defeat
🇺🇸 Varangians · United States
1461
+13
🇵🇾 Dravidians · Paraguay
1433
+14
🇨🇳 Spanish · China
1425
+15
1421
+15
🇲🇽 Armenians · Mexico
1533
-19
🇵🇪 Italians · Peru
1406
-15
🇲🇽 Danes · Mexico
1357
-13
🇲🇽 Magyars · Mexico
1292
-10
玩印度的哥们硬不起来
5:16 Loom
11:46 Feudal Age
15:14 Castle Age
13:21 Double-Bit Axe
13:42 Horse Collar
15:27 Wheelbarrow
15:58 Heavy Plow
22:09 Bow Saw
22:30 Gold Mining
28:39 Imperial Age
26:55 Gold Shaft Mining
26:44 Squires
26:05 Pikeman
26:52 Scale Mail Armor
28:41 Capped Ram
28:44 Halberdier
29:42 Chain Mail Armor
29:32 Siege Ram
30:47 Plate Mail Armor
34:31 Forging
33:52 Heavy Scorpion
37:03 Iron Casting
36:31 Bagains
37:40 Conscription
38:33 Blast Furnace
39:27 Hand Cart
39:41 Gambesons
40:38 Crop Rotation
41:28 Chemistry
Ren
10:48 Feudal Age
14:31 Castle Age
12:54 Double-Bit Axe
13:23 Horse Collar
14:59 Loom
15:29 Bow Saw
16:15 Fletching
19:05 Bodkin Arrow
21:13 Wheelbarrow
21:43 Gold Mining
25:24 Padded Archer Armor
26:21 Leather Archer Armor
29:41 Husbandry
29:51 Bloodlines
31:31 Bloodlines
33:43 Fortified Wall
33:54 Ballistics
34:20 Stone Mining
36:35 Hand Cart
42:18 Imperial Age
40:31 Forging
40:26 Scale Barding Armor
41:34 Iron Casting
miguel_carl7s
10:03 Feudal Age
13:43 Castle Age
12:02 Double-Bit Axe
13:01 Horse Collar
15:35 Bow Saw
16:36 Loom
22:25 Wheelbarrow
22:06 Gold Mining
22:06 Stone Mining
27:34 Imperial Age
24:51 Town Watch
25:56 Ballistics
25:54 Fletching
26:51 Bodkin Arrow
26:27 Elite Skirmisher
27:48 Padded Archer Armor
29:47 Chemistry
29:49 Bracer
31:42 Leather Archer Armor
31:39 Thumb Ring
34:39 Ring Archer Armor
35:16 Heavy Plow
35:29 Masonry
41:20 Hand Cart
Ivbin Jirginov
11:06 Feudal Age
12:02 Loom
14:54 Castle Age
13:27 Loom
13:30 Double-Bit Axe
18:32 Wheelbarrow
18:20 Bow Saw
19:53 Loom
20:55 Horse Collar
21:08 Gold Mining
21:13 Stone Mining
22:19 Town Watch
24:36 Hand Cart
24:49 Gold Mining
25:22 Scale Barding Armor
29:25 Imperial Age
27:26 Bloodlines
27:56 Chain Barding Armor
29:26 Husbandry
29:38 Forging
30:28 Scale Mail Armor
31:11 Plate Barding Armor
30:36 Scale Mail Armor
31:10 Scale Mail Armor
31:47 Iron Casting
32:35 Conscription
32:04 Elite Jarl
34:38 Two-Man Saw
34:58 Blast Furnace
34:56 Fletching
39:29 Heavy Plow
40:33 Bodkin Arrow
0o___o0
10:04 Feudal Age
13:44 Castle Age
11:44 Double-Bit Axe
18:38 Loom
19:32 Wheelbarrow
19:46 Fervor
22:43 Hand Cart
24:17 Sanctity
25:11 Bow Saw
25:49 Horse Collar
26:32 Scale Mail Armor
28:12 Squires
30:48 Imperial Age
28:16 Gambesons
28:16 Arson
27:52 Man-at-Arms
28:48 Chain Mail Armor
28:45 Forging
28:39 Gold Mining
30:21 Gold Shaft Mining
29:25 Long Swordsman
30:14 Two-Handed Swordsman
31:55 Conscription
31:41 Fereters
32:16 Plate Mail Armor
32:23 Iron Casting
32:02 Champion
32:09 Capped Ram
34:09 Blast Furnace
34:44 Block Printing
35:07 Siege Ram
woodyshaack
10:06 Feudal Age
14:15 Castle Age
12:53 Double-Bit Axe
13:57 Arson
14:05 Horse Collar
18:05 Forging
21:39 Bow Saw
24:20 Fervor
25:33 Fletching
26:53 Loom
29:12 Heavy Plow
29:56 Gold Mining
31:21 Wheelbarrow
32:24 Bodkin Arrow
32:55 Elite Skirmisher
35:58 Thumb Ring
36:27 Padded Archer Armor
37:59 Leather Archer Armor
ZepedaAn
3:42 Loom
10:46 Feudal Age
15:06 Castle Age
13:34 Double-Bit Axe
14:59 Horse Collar
16:50 Wheelbarrow
19:39 Loom
22:33 Bow Saw
22:24 Heavy Plow
25:04 Gold Mining
30:19 Imperial Age
27:53 Corvinian Army
28:11 Scale Barding Armor
29:07 Hand Cart
29:51 Chain Barding Armor
30:30 Fletching
31:54 Bloodlines
31:54 Man-at-Arms
32:38 Long Swordsman
35:55 Conscription
36:19 Plate Barding Armor
35:22 Two-Handed Swordsman
36:35 Scale Mail Armor
36:36 Heavy Cavalry Archer
37:42 Parthian Tactics
37:23 Thumb Ring
37:20 Bodkin Arrow
37:26 Champion
38:09 Husbandry
ZEAN430
5:02 Loom
10:04 Feudal Age
15:21 Castle Age
13:45 Double-Bit Axe
14:21 Horse Collar
17:32 Fletching
19:24 Bodkin Arrow
22:13 Gold Mining
25:07 Wheelbarrow
27:32 Imperial Age
26:09 Ballistics
26:17 Padded Archer Armor
30:10 Chemistry
29:49 Conscription
34:31 Scale Mail Armor
34:42 Forging
35:18 Hand Cart
35:08 Squires
34:54 Arson
37:27 Chain Mail Armor
39:20 Heavy Plow
Connection lost

Rejoining the realm…

Still unreachable

The connection could not be restored.

Session expired

The server has moved on; the page needs a fresh start.